 Dungeon Crawl Stone Soup version 0.29.1-12-g30fa7ad0bf (webtiles) character file.

Game seed: 14227786189021084496

51 Radix the Magician (level 4, -4/32 HPs)
             Began as a Djinni Fire Elementalist on Dec 12, 2022.
             Slain by a gnoll
             ... wielding a +0 flail of protection
              (8 damage)
             ... on level 2 of the Dungeon.
             The game lasted 00:07:03 (1026 turns).

Radix the Magician (Djinni Fire Elementalist)       Turns: 1026, Time: 00:07:04

Health: -4/32      AC:  3    Str:  7    XL:     4   Next: 7%
Gold:   40         EV: 12    Int: 19    God:
                   SH:  0    Dex: 13

rFire   + + +      SeeInvis .   f - +0 spear
rCold   . . .      Faith    .   (no shield)
rNeg    . . .      Spirit   .   a - +0 robe
rPois   ∞          Reflect  .   c - +0 helmet
rElec   +          Harm     .   (no cloak)
rCorr   +          Rampage  .   (no gloves)
Will    .....                   (boots unavailable)
Stlth   ++........              (no amulet)
HPRegen 0.10/turn               (no ring)
MPRegen 0.00/turn               (no ring)

@: resistant, flying
A: sickness immunity, fire resistance 2, cold vulnerability 1, float, innate
caster, HP casting, extra vitality 1
a: no special abilities


You were on level 2 of the Dungeon.
You visited 1 branch of the dungeon, and saw 2 of its levels.

You collected 40 gold pieces.

Inventory:

Hand Weapons
 f - a +0 spear (weapon)
Armour
 a - a +0 robe (worn)
 c - a +0 helmet (worn)
Scrolls
 b - 2 scrolls of identify
 d - 2 scrolls of teleportation {unknown}
 g - a scroll of fog {unknown}
Potions
 i - a potion of lignification {unknown}


   Skills:
 + Level 1.6 Fighting
 - Level 2.5 Dodging
 - Level 1.9 Stealth
 + Level 3.0 Spellcasting


You couldn't memorise any spells.
You knew the following spells:

 Your Spells              Type           Power      Damage    Failure   Level
a - Foxfire               Conj/Fire      56%        2x1d6     4%          1
b - Scorch                Fire           28%        2d6       7%          2
c - Conjure Flame         Conj/Fire      14%        6-21      13%         3
d - Inner Flame           Hex/Fire       14%        N/A       13%         3
e - Flame Wave            Conj/Fire      14%        2d6       41%         4
f - Slow                  Hex            56%        N/A       4%          1
Your spell library was empty.

Dungeon Overview and Level Annotations

Branches:
Dungeon (2/15)

Altars:


Innate Abilities, Weirdness & Mutations

You are immune to sickness and miasma.
You are immune to poison.
Your flesh is very heat resistant. (rF++)
You are vulnerable to cold. (rC-)
You float through the air rather than walking.
You learn spells naturally, not from books.
Your magical power is your life essence.
You have superior vitality. (+4 MHP)


Message History

The foxfire hits the gnoll.
The gnoll is heavily wounded.
The foxfire hits the gnoll but does no damage.
The gnoll is heavily wounded.
The gnoll barely misses you.
Casting: Foxfire (safe; 4% risk of failure)
Confirm with . or Enter, or press ? or * to list all spells.
Flames lash the gnoll but do no damage.
* * * LOW HITPOINT WARNING * * *
The gnoll closely misses you. The gnoll attacks as you move away!
The gnoll hits you with a +0 flail of protection!
* * * LOW HITPOINT WARNING * * *
Casting: Scorch (safe; 7% risk of failure)
Confirm with . or Enter, or press ? or * to list all spells.
You don't have enough health to cast this spell.
It was a potion of resistance.
You feel protected. The gnoll closely misses you.
As you read the scroll labelled IXTUWN UCYO, it crumbles to dust.
It is a scroll of identify.
h - a potion of curing The gnoll barely misses you.
You feel better. The gnoll barely misses you.
You hit the gnoll but do no damage.
The gnoll is heavily wounded.
The gnoll closely misses you.
You hit the gnoll but do no damage.
The gnoll is heavily wounded.
The gnoll hits you with a +0 flail of protection.
* * * LOW HITPOINT WARNING * * *
Casting: Scorch (safe; 7% risk of failure)
Confirm with . or Enter, or press ? or * to list all spells.
Flames lash the gnoll.
The gnoll is severely wounded.
The gnoll's fire resistance burns away.
* * * LOW HITPOINT WARNING * * *
You hear a bark!
The gnoll hits you with a +0 flail of protection!
You die...

...........#............†.
#######.####.............
##... #............
#..#######...)........
##.#......#.......†....
#......................
#.........[............
#.........<............
##.....@................
#......g.....#..........
#.#..........##.#.##....
##........<...........
#.....:....##.#...#
#...[......# <###$.
#..........# .# #
#..........# .# ..
#....).....##.###.).


You could see a gnoll (combustible).

Vanquished Creatures
  3 gnolls
  A worm (D:2)
  3 endoplasms
  2 giant cockroaches
  3 goblins
  3 hobgoblins
  A quokka (D:1)
  A ball python (D:1)
  A bat (D:2)
  A kobold (D:1)
  A rat (D:2)
20 creatures vanquished.

Vanquished Creatures (others)
  46 foxfires
46 creatures vanquished.

Grand Total: 66 creatures vanquished

Notes
Turn   | Place    | Note
-------+----------+-------------------------------------------
     0 | D:1      | Radix the Djinni Fire Elementalist began the quest for the
                  | Orb.
     0 | D:1      | Radix set off with the following spells memorised: Foxfire,
                  | Scorch, Conjure Flame, Inner Flame, Flame Wave.
     0 | D:1      | Reached XP level 1. HP: 15/15 MP: 0/0
    72 | D:1      | Reached XP level 2. HP: 13/21 MP: 0/0
   451 | D:1      | Found a faded altar of an unknown god.
   591 | D:1      | Reached XP level 3. HP: 26/26 MP: 0/0
   591 | D:1      | Learned a level 1 spell: Slow
   860 | D:1      | You are sucked into a shaft and drop 1 floor!
   957 | D:2      | Reached skill level 1 in Fighting
  1012 | D:2      | Reached skill level 3 in Spellcasting
  1012 | D:2      | Reached XP level 4. HP: 12/32 MP: 0/0
  1018 | D:2      | HP: 1/32 [gnoll/+0 flail of protection (8)]
  1026 | D:2      | Slain by a gnoll

Illustrated notes

Levels and vault maps discovered:
D:1:      lightli_arrival_statuegarden, layout_loops_cross,
          shapermc_ecumenical_altar_venn, minmay_misc_feat_cross,
          nicolae_figureground_pulse
D:2:      layout_rooms

Skill      XL: |  1  2  3 |
---------------+----------+-----
Fighting       | 1 |  1.6
Spellcasting   | 3 |  3.0
Dodging        | |  2.5
Stealth        | |  1.9

Action                   |  1- 3 |  4- 6 || total
-------------------------+-------+-------++-------
Melee: Spear             |    28 |     2 ||    30
 Cast: Foxfire           |    23 |     1 ||    24
       Scorch            |     2 |     2 ||     4
  Use: Potion            |       |     2 ||     2
       Scroll            |       |     1 ||     1
 Stab: Sleeping          |     2 |       ||     2
Armor: Robe              |    11 |       ||    11
Dodge: Dodged            |    19 |     6 ||    25
